 Dungeon Crawl Stone Soup version 0.29.0-4-gdea44cf6ec (webtiles) character file.

Game seed: 18084618507112267836

527 qw the Shield-Bearer (level 7, -2/42 HPs)
             Began as a Gargoyle Berserker on Sept 8, 2022.
             Was a Priest of Trog.
             Slain by a killer bee (6 damage)
             ... on level 5 of the Dungeon.
             The game lasted 00:01:50 (5015 turns).

qw the Shield-Bearer (Gargoyle Berserker)           Turns: 5015, Time: 00:01:51

Health: -2/42      AC:  4    Str: 23    XL:     7   Next: 23%
Magic:  7/7        EV:  8    Int:  7    God:    Trog [***...]
Gold:   148        SH:  8    Dex:  9    Spells: 6/6 levels left

rFire   . . .      SeeInvis .   Y - +0 hand axe
rCold   . . .      Faith    .   h - +0 kite shield
rNeg    + . .      Spirit   .   j - +0 scale mail
rPois   inf        Reflect  .   b - +0 helmet
rElec   +          Harm     .   (no cloak)
rCorr   .          Rampage  .   (no gloves)
Will    .....                   (no boots)
Stlth   ..........              (no amulet)
HPRegen 0.14/turn               (no ring)
MPRegen 0.10/turn               (no ring)

@: corroded, on berserk cooldown
A: sickness immunity, AC +4, negative energy resistance 1, electricity
resistance, torment resistance 1, petrification resistance
a: Renounce Religion, Berserk, Trog's Hand


You were on level 5 of the Dungeon.
You worshipped Trog.
Trog was most pleased with you.
You visited 1 branch of the dungeon, and saw 5 of its levels.

You collected 148 gold pieces.


Innate Abilities, Weirdness & Mutations

You are immune to sickness and miasma.
Your stone body is resilient. (AC +4)
You are immune to poison.
You resist negative energy. (rN+)
You are resistant to electric shocks. (rElec)
You are resistant to unholy torment.
You are immune to petrification.


   Skills:
 + Level 3.9 Fighting
 - Level 5.2 Axes
 - Level 2.1 Armour
 - Level 1.5 Dodging
 - Level 5.4 Shields


You had 6 spell levels left.
You didn't know any spells.
Your spell library was empty.

Inventory:

Hand Weapons
 a - a +0 flail
 Y - a +0 hand axe (weapon)
Armour
 b - a +0 helmet (worn)
 h - a +0 kite shield (worn)
 j - a +0 scale mail (worn)
Scrolls
 k - a scroll of identify
 l - a scroll of teleportation
Potions
 c - 4 potions of curing
 e - a potion of haste
 f - a potion of resistance
 g - a potion of flight {unknown}
 i - a potion of lignification {unknown}
 m - a potion of attraction {unknown}

Dungeon Overview and Level Annotations

Branches:
Dungeon (5/15)
 Temple: D:4-7

Altars:
Cheibriados
Fedhas
Sif Muna
Vehumet

Shops:
D:3 =


Message History

5000 ||| Stepping ~*~*~tactically~*~*~ (stealth).
The jelly quivers.
The jelly hits you but does no damage.
You slash the jelly!
Your hands burn!
The jelly is heavily wounded.
The jelly closely misses you. The jelly hits you. The acid corrodes you!
You are splashed with acid!
You hit the jelly but do no damage.
Your hands burn!
The jelly is heavily wounded.
The jelly hits you.
You are splashed with acid!
The jelly hits you but does no damage.
5004 ||| READING 3 scrolls of teleportation.
As you read the scroll of teleportation, it crumbles to dust.
You feel strangely unstable. The jelly hits you but does no damage.
You hit the jelly.
Your hands burn!
The jelly is heavily wounded.
The jelly hits you but does no damage. You block the jelly's attack.
You hit the jelly.
Your hands burn!
The jelly is severely wounded.
You block the jelly's attack.
You hit the jelly but do no damage. The acid corrodes you!
Your hands burn!
The jelly is severely wounded.
Your surroundings suddenly seem different.
You start resting.
A jelly is nearby!
You feel yourself speed up.
5012 ||| FLEEEEING.
5013 ||| READING 2 scrolls of teleportation.
As you read the scroll of teleportation, it crumbles to dust.
You feel strangely unstable. The jelly hits you but does no damage.
You slash the jelly!
You kill the jelly!
Trog accepts your kill.
Your surroundings suddenly seem different. 5 killer bees come into view.
The killer bee buzzes angrily. x3
The killer bee barely misses you. The killer bee stings you.
You die...

....#. ..# ###
#.########..#
#...........###
#######...........
...#....###...#...
##..#..# #...# ##
...#..### #...#
#######........ ....#
......y@....... .....
####y#yy....#####..###
...y##### #..# ####.#
#..# #.# #.# #.# #..


You could see 5 killer bees.

Vanquished Creatures
  A kobold brigand (D:4)
  A necrophage (D:5)
  A scorpion (D:4)
  A howler monkey (D:4)
  A hound (D:4)
  2 jellies (D:5)
  An iguana (D:5)
  Robin (D:2)
  4 gnolls (D:4)
  5 adders (D:2)
  A worm (D:3)
  An orc (D:3)
  8 endoplasms
  5 giant cockroaches
  15 goblins
  11 hobgoblins
  13 kobolds
  3 quokkas
  7 ball pythons
  4 bats
  7 frilled lizards
  3 rats
96 creatures vanquished.

Vanquished Creatures (others)
  A kobold (D:4)
  15 plants (D:4)
16 creatures vanquished.

Grand Total: 112 creatures vanquished

Notes
Turn   | Place    | Note
-------+----------+-------------------------------------------
     0 | D:1      | qw the Gargoyle Berserker began the quest for the Orb.
     0 | D:1      | Reached XP level 1. HP: 14/14 MP: 1/1
     0 | D:1      | 0 ||| qw: Version: 0.1-a-111-g1c1fd2e
     0 | D:1      | 0 ||| qw: Game counter: 6619
     0 | D:1      | 0 ||| qw: Always use a shield: true
     0 | D:1      | 0 ||| qw: Do Orc after D:15 true
     0 | D:1      | 0 ||| qw: Do second Lair branch before Depths: true
     0 | D:1      | 0 ||| qw: Lair rune preference: random
     0 | D:1      | 0 ||| qw: Plans: Normal
     0 | D:1      | 0 ||| PLANNING D:1-11
    53 | D:1      | 53 ||| Stepping ~*~*~tactically~*~*~ (stealth).
    55 | D:1      | 55 ||| Stepping ~*~*~tactically~*~*~ (stealth).
    56 | D:1      | 56 ||| Stepping ~*~*~tactically~*~*~ (stealth).
    57 | D:1      | 57 ||| Stepping ~*~*~tactically~*~*~ (stealth).
    70 | D:1      | Reached skill level 3 in Axes
   246 | D:1      | Reached XP level 2. HP: 18/19 MP: 2/2
  1157 | D:1      | Reached ** piety under Trog
  1158 | D:1      | Reached XP level 3. HP: 22/23 MP: 3/3
  1191 | D:1      | 1191 ||| Stepping ~*~*~tactically~*~*~ (stealth).
  1196 | D:1      | 1196 ||| Stepping ~*~*~tactically~*~*~ (stealth).
  1199 | D:1      | 1199 ||| Stepping ~*~*~tactically~*~*~ (stealth).
  1378 | D:1      | 1378 ||| UPGRADING to +0 ring mail.
  1388 | D:1      | 1388 ||| DROPPING +0 animal skin.
  1389 | D:1      | 1389 ||| UPGRADING to +0 kite shield.
  1394 | D:1      | 1394 ||| READING scroll labelled ANGICE ZEOG.
  1398 | D:1      | 1398 ||| DRINKING 2 white potions.
  1399 | D:1      | 1399 ||| DRINKING 2 glowing amethyst potions.
  1456 | D:2      | Noticed Robin
  1464 | D:2      | 1464 ||| INVOKING Berserk.
  1466 | D:2      | Reached skill level 1 in Shields
  1472 | D:2      | Killed Robin
  1687 | D:2      | Reached XP level 4. HP: 25/28 MP: 4/4
  1727 | D:2      | 1727 ||| Stepping ~*~*~tactically~*~*~ (stealth).
  1838 | D:2      | Found a faded altar of an unknown god.
  1887 | D:2      | 1887 ||| Stepping ~*~*~tactically~*~*~ (stealth).
  1947 | D:2      | Reached skill level 3 in Shields
  1987 | D:2      | 1987 ||| FLEEEEING.
  1988 | D:2      | 1988 ||| FLEEEEING.
  1989 | D:2      | 1989 ||| FLEEEEING.
  1990 | D:2      | 1990 ||| FLEEEEING.
  1991 | D:2      | 1991 ||| FLEEEEING.
  1992 | D:2      | 1992 ||| FLEEEEING.
  1993 | D:2      | 1993 ||| FLEEEEING.
  1994 | D:2      | 1994 ||| FLEEEEING.
  1995 | D:2      | 1995 ||| FLEEEEING.
  1996 | D:2      | 1996 ||| FLEEEEING.
  1997 | D:2      | 1997 ||| FLEEEEING.
  1998 | D:2      | 1998 ||| FLEEEEING.
  1999 | D:2      | 1999 ||| FLEEEEING.
  2000 | D:2      | 2000 ||| FLEEEEING.
  2001 | D:2      | 2001 ||| FLEEEEING.
  2321 | D:2      | 2321 ||| UPGRADING to +0 helmet.
  2326 | D:2      | 2326 ||| UPGRADING to +0 scale mail.
  2336 | D:2      | 2336 ||| DROPPING +0 ring mail.
  2337 | D:2      | 2337 ||| READING 2 scrolls labelled HAUNTE TYBAO.
  2338 | D:2      | 2338 ||| READING scroll labelled FOGEV ED EKA.
  2339 | D:2      | 2339 ||| READING scroll labelled GAURYAWYUM.
  2340 | D:2      | 2340 ||| DROPPING scroll of vulnerability.
  2398 | D:3      | Reached XP level 5. HP: 32/32 MP: 5/5
  2448 | D:3      | 2448 ||| Stepping ~*~*~tactically~*~*~ (stealth).
  2567 | D:3      | 2567 ||| Stepping ~*~*~tactically~*~*~ (stealth).
  2810 | D:3      | Found Vuetzak's Jewellery Emporium.
  2821 | D:3      | 2821 ||| SHOPLISTING +6 ring of dexterity (432 gold, have
                  | 100).
  2821 | D:3      | 2821 ||| SHOPLISTING +6 ring of strength (432 gold, have
                  | 100).
  2821 | D:3      | 2821 ||| SHOPLISTING amulet "Sopagh" {Faith Str+2} (614
                  | gold, have 100).
  2821 | D:3      | 2821 ||| SHOPLISTING amulet of reflection (360 gold, have
                  | 100).
  2821 | D:3      | 2821 ||| SHOPLISTING amulet of the acrobat (360 gold, have
                  | 100).
  2821 | D:3      | 2821 ||| SHOPLISTING ring of Zoeti {rC+++ rCorr MP+9 Int-5
                  | Dex+2} (735 gold, have 100).
  2821 | D:3      | 2821 ||| SHOPLISTING ring of fire (300 gold, have 100).
  2821 | D:3      | 2821 ||| SHOPLISTING ring of ice (300 gold, have 100).
  2821 | D:3      | 2821 ||| SHOPLISTING ring of resist corrosion (240 gold,
                  | have 100).
  2879 | D:3      | 2879 ||| Stepping ~*~*~tactically~*~*~ (stealth).
  3016 | D:3      | 3016 ||| READING scroll labelled LIOMEPSEQIO.
  3017 | D:3      | 3017 ||| READING 2 scrolls labelled YMIRUC UTSAETA.
  3018 | D:3      | 3018 ||| READING 3 scrolls labelled LANWOG KODAOKH.
  3019 | D:3      | 3019 ||| READING scroll labelled HOMEM VEVI YDO.
  3020 | D:3      | 3020 ||| READING scroll labelled JUNOUT ATOR.
  3021 | D:3      | 3021 ||| READING 2 scrolls of identify.
  3021 | D:3      | 3021 ||| IDENTIFYING blue potion
  3022 | D:3      | 3022 ||| DROPPING scroll of fear.
  3056 | D:4      | 3056 ||| INVOKING Berserk.
  3178 | D:4      | 3178 ||| DROPPING +1 mace of protection.
  3361 | D:4      | 3361 ||| DROPPING +0 mace of protection.
  3431 | D:4      | Reached *** piety under Trog
  3442 | D:4      | Found a radiant altar of Vehumet.
  3442 | D:4      | Found a blossoming altar of Fedhas.
  3705 | D:4      | Found a shimmering blue altar of Sif Muna.
  3733 | D:4      | Found a snail-covered altar of Cheibriados.
  3776 | D:4      | 3776 ||| Stepping ~*~*~tactically~*~*~ (stealth).
  3778 | D:4      | 3778 ||| Stepping ~*~*~tactically~*~*~ (stealth).
  3782 | D:4      | Noticed a kobold brigand
  3784 | D:4      | 3784 ||| FLEEEEING.
  3801 | D:4      | 3801 ||| INVOKING Berserk.
  3802 | D:4      | Killed a kobold brigand
  3803 | D:4      | Reached XP level 6. HP: 24/37 MP: 6/6
  3819 | D:4      | 3819 ||| Stepping ~*~*~tactically~*~*~ (stealth).
  3851 | D:4      | 3851 ||| FLEEEEING.
  3852 | D:4      | 3852 ||| FLEEEEING.
  3853 | D:4      | 3853 ||| FLEEEEING.
  3854 | D:4      | 3854 ||| FLEEEEING.
  3855 | D:4      | 3855 ||| FLEEEEING.
  3856 | D:4      | 3856 ||| FLEEEEING.
  3857 | D:4      | 3857 ||| FLEEEEING.
  3858 | D:4      | 3858 ||| FLEEEEING.
  3859 | D:4      | 3859 ||| FLEEEEING.
  3860 | D:4      | 3860 ||| FLEEEEING.
  3861 | D:4      | 3861 ||| FLEEEEING.
  3862 | D:4      | 3862 ||| FLEEEEING.
  3863 | D:4      | 3863 ||| FLEEEEING.
  3864 | D:4      | 3864 ||| FLEEEEING.
  3865 | D:4      | 3865 ||| FLEEEEING.
  3866 | D:4      | 3866 ||| FLEEEEING.
  3867 | D:4      | 3867 ||| FLEEEEING.
  3868 | D:4      | 3868 ||| FLEEEEING.
  3869 | D:4      | 3869 ||| FLEEEEING.
  3870 | D:4      | 3870 ||| FLEEEEING.
  3871 | D:4      | 3871 ||| FLEEEEING.
  3872 | D:4      | 3872 ||| FLEEEEING.
  3873 | D:4      | 3873 ||| FLEEEEING.
  3874 | D:4      | 3874 ||| FLEEEEING.
  3876 | D:4      | 3876 ||| FLEEEEING.
  3877 | D:4      | 3877 ||| FLEEEEING.
  3878 | D:4      | 3878 ||| FLEEEEING.
  3879 | D:4      | 3879 ||| FLEEEEING.
  3880 | D:4      | 3880 ||| FLEEEEING.
  3881 | D:4      | 3881 ||| FLEEEEING.
  3882 | D:4      | 3882 ||| STAIRDANCE
  4014 | D:3      | 4014 ||| READING scroll labelled SEUKUTA ESIPRI.
  4015 | D:3      | 4015 ||| READING 2 scrolls of identify.
  4015 | D:3      | 4015 ||| IDENTIFYING metallic inky potion
  4016 | D:3      | 4016 ||| DROPPING potion of magic.
  4710 | D:5      | Entered Level 5 of the Dungeon
  4944 | D:5      | Reached XP level 7. HP: 37/41 MP: 7/7
  4989 | D:5      | 4989 ||| INVOKING Berserk.
  5000 | D:5      | 5000 ||| Stepping ~*~*~tactically~*~*~ (stealth).
  5003 | D:5      | HP: 10/41 [acid (7)]
  5004 | D:5      | 5004 ||| READING 3 scrolls of teleportation.
  5006 | D:5      | HP: 4/41 [acid (5)]
  5012 | D:5      | 5012 ||| FLEEEEING.
  5013 | D:5      | 5013 ||| READING 2 scrolls of teleportation.
  5015 | D:5      | Slain by a killer bee

Levels and vault maps discovered:
D:1:      minmay_arrival_glassed_features, layout_loops_corners
D:2:      layout_basic, shapermc_ecumenical_altar_totnotflames, uniq_robin
D:3:      layout_rooms, serial_shops, nicolae_shop_advertising_works
          [nicolae_subvault_shop_adworks], chequers_serial_rivers_room_a
D:4:      layout_layer_cave, mainiacjoe_overflow_big_doors,
          gammafunk_temple_overflow_elements, lexackson_kobold_supper
D:5:      layout_loops_ring, serial_shops, nicolae_inconvenience_store,
          minmay_manual_mess

Skill      XL: |  1  2  3  4  5  6 |
---------------+-------------------+-----
Axes           | 3 4 5 |  5.2
Shields        | 2 3 5 |  5.4
Fighting       | |  3.9
Armour         | |  2.1
Dodging        | |  1.5

Action                   |  1- 3 |  4- 6 |  7- 9 || total
-------------------------+-------+-------+-------++-------
Melee: Hand axe          |    96 |   239 |     8 ||   343
Invok: Berserk           |     1 |     2 |     1 ||     4
  Use: Potion            |     2 |       |       ||     2
       Scroll            |     1 |    11 |     2 ||    14
Armor: Animal skin       |     9 |       |       ||     9
       Ring mail         |    18 |    24 |       ||    42
       Scale mail        |       |    84 |     6 ||    90
Dodge: Dodged            |    37 |    81 |     2 ||   120
Block: Kite shield       |    16 |    84 |     2 ||   102

Table legend:
 A = Non-vault XP
 B = Vault XP
 C = Vault XP percentage of total XP
 D = Non-vault monster count
 E = Vault monster count
 F = Vault count percentage of total count
                 A         B        C        D         E       F
            +---------+---------+-------+---------+---------+-------
      Total |     617 |     136 |  18.1 |      78 |      18 |  18.8
            +---------+---------+-------+---------+---------+-------
        D:1 |      38 |       0 |   0.0 |      25 |       0 |   0.0
        D:2 |      89 |      33 |  27.0 |      21 |      11 |  34.4
        D:3 |      25 |       0 |   0.0 |      12 |       0 |   0.0
        D:4 |     251 |     103 |  29.1 |      16 |       7 |  30.4
        D:5 |     214 |       0 |   0.0 |       4 |       0 |   0.0
            +---------+---------+-------+---------+---------+-------
